 Dungeon Crawl Stone Soup version 0.32-a0-918-g0f22ef8d61 (webtiles) character file.

Game seed: 353423272618016143

20 pokedragonboy the Shooter (level 2, -3/15 HPs)
             Began as a Spriggan Hunter on Apr 11, 2024.
             Slain by Natasha (6 damage)
             ... on level 2 of the Dungeon.
             The game lasted 00:01:56 (778 turns).

pokedragonboy the Shooter (Spriggan Hunter)          Turns: 778, Time: 00:01:57

Health: -3/15      AC:  2    Str:  7    XL:     2   Next: 58%
Magic:  3/3        EV: 17    Int: 10    God:
Gold:   93         SH:  0    Dex: 18    Spells: 1/1 levels left

rFire   . . .        a - +0 shortbow
rCold   . . .        (shield currently unavailable)
rNeg    . . .        c - +0 robe
rPois   .            (helmet restricted)
rElec   .            (no cloak)
rCorr   .            (gloves unavailable)
SInv    +            (boots unavailable)
Will    .....        (no amulet)
Stlth   ++           (no ring)
HPRegen 0.22/turn    (no ring)
MPRegen 0.08/turn

%: no passive effects
@: very quick
A: very small, no large weapons, unfitting armour, see invisible, speed 3
a: no special abilities


You were on level 2 of the Dungeon.
You visited 1 branch of the dungeon, and saw 2 of its levels.

You collected 93 gold pieces.

Inventory:

Hand Weapons
 a - a +0 shortbow (weapon)
Armour
 c - a +0 robe (worn)
Jewellery
 f - an amulet of guardian spirit
Scrolls
 b - 2 scrolls of butterflies
 e - a scroll of revelation {unknown}
 g - a scroll of blinking {unknown}
Potions
 d - a potion of invisibility {unknown}
 h - a potion of resistance {unknown}
 i - a potion of heal wounds {unknown}
 j - a potion of curing {unknown}


   Skills:
 + Level 1.8 Fighting
 + Level 0.9 Short Blades
 * Level 4.3 Ranged Weapons
 + Level 3.1 Dodging
 - Level 1.5 Stealth


You had one spell level left.
You didn't know any spells.
Your spell library contained the following spells:

 Spells                   Type           Power      Damage    Failure   Level
 Sting                    Conj/Alch      0%         1d3       36%         1
 Swiftness                Air            0%         N/A       75%         3
 Airstrike                Air            0%         2d(0-16)  98%         4
 Irradiate                Conj/Alch      0%         3d11      100%        5
 Silence                  Hex/Air        0%         N/A       100%        5


Dungeon Overview and Level Annotations

Branches:
Dungeon (2/15)

Altars:

Shops:
D:1 ?

Annotations:
D:2 Natasha


Innate Abilities, Weirdness & Mutations

You are very small and have problems with some larger weapons.
You are too small for most types of armour.
You have supernaturally acute eyesight. (SInv)
You cover ground extremely quickly. (Speed+++)


Message History

Press: ? - help, Q - select action Shift-Dir - straight line, f/p - ribbon worm
Aim: a ribbon worm (severely wounded, catching its breath, 80% to hit)
You shoot an arrow. The arrow hits the ribbon worm.
You kill the ribbon worm!
HP restored.
Found a stone staircase leading down.
You now have 93 gold pieces (gained 6).
j - an inky potion
Found 6 stones.
Natasha, Servant of Life and Death comes into view.
Found 2 stones.
You shoot an arrow. The arrow hits Natasha!
Natasha hisses angrily.
Natasha is heavily wounded.
You shoot an arrow. The arrow barely misses Natasha.
You shoot an arrow. The arrow barely misses Natasha.
You shoot an arrow. The arrow barely misses Natasha.
Natasha casts a spell at you. The magic dart hits you.
You shoot an arrow. The arrow hits Natasha.
Natasha is almost dead.
You shoot an arrow. The arrow closely misses Natasha.
Natasha wildly gestures.
Natasha's front paws start to glow.
Natasha claws you!
Ouch! That really hurt!
* * * LOW HITPOINT WARNING * * *
You are too injured to fight recklessly!
You are too injured to fight recklessly!
You are too injured to fight recklessly!
You are too injured to fight recklessly!
You are too injured to fight recklessly!
You are too injured to fight recklessly!
Fire: a) +0 shortbow
Press: ? - help, Q - select action Shift-Dir - straight line, f/p - Natasha
Aim: Natasha (almost dead, 56% to hit)
You shoot an arrow. The arrow closely misses Natasha.
Natasha claws you.
You die...
Natasha begins licking her fur clean.

#... #..# #.#. #..#
#... #..# ####..##
#..# #...... ##..#
#.##..# ###...#
#.##..# (
###.....###.##..##....
..............@h......
#########.#......(....
#..#######.#$.
#.......# # #.#####.#
#.# #.# #.# . . #.# .#


You could see Natasha.

Vanquished Creatures
  A ribbon worm (D:2)
  An endoplasm (D:1)
  A giant cockroach (D:2)
  3 hobgoblins (D:1)
  A quokka (D:2)
  A bat (D:1)
  A frilled lizard (D:2)
  3 goblins
  3 kobolds (D:1)
  A rat (D:1)
16 creatures vanquished.

Notes
Turn   | Place    | Note
-------+----------+-------------------------------------------
     0 | D:1      | pokedragonboy the Spriggan Hunter began the quest for the
                  | Orb.
     0 | D:1      | Reached XP level 1. HP: 10/10 MP: 2/2
    69 | D:1      | Found Egol's Magic Scroll Shop.
   204 | D:1      | Reached XP level 2. HP: 15/15 MP: 3/3
   239 | D:1      | Got the Precepts of Tempestuous Prima Materia
   771 | D:2      | Noticed Natasha
   778 | D:2      | Slain by Natasha

Illustrated notes

Levels and vault maps discovered:
D:1:      eino_arrival_water_cross, layout_loops_ring, serial_shops,
          nicolae_shop_tiny_waterfront
D:2:      minmay_wonky_spiral, layout_loops_ring,
          hellmonk_ecumenical_altar_inner_sanctum, uniq_natasha

Skill      XL: |  1  2 |
---------------+-------+-----
Dodging        | 3 |  3.1
Fighting       | |  1.8
Short Blades   | |  0.9
Ranged Weapons | |  4.3
Stealth        | |  1.5

Action                     || total
---------------------------++-------
   Fire: Shortbow          ||    55
 Armour: Robe              ||    14
  Dodge: Dodged            ||    20

Table legend: (Time is in decaauts)
 A = Elapsed time spent in this place.
 B = Non-inter-level travel time spent in this place.
 C = Inter-level travel time spent in this place.
 D = Time resting spent in this place.
 E = Time spent auto-exploring this place.
 F = Levels seen in this place.
 G = Mean time per level.
                   A        B        C        D        E       F      G
               +--------+--------+--------+--------+--------+-----+--------+
         Total |    511 |    490 |     21 |      0 |    377 |   2 |  255.5 |
       Dungeon |    511 |    490 |     21 |      0 |    377 |   2 |  255.5 |
               +--------+--------+--------+--------+--------+-----+--------+

Top non-repeatable levels by time:
     D:1: 413 daAuts
     D:2: 98 daAuts
